 Dungeon Crawl Stone Soup version 0.30.0-5-g1a98f26d00 (webtiles) character file.

Game seed: 16618260005945545127

300 GigaChad the Shield-Bearer (level 6, 0/46 (48) HPs)
             Began as a Formicid Fighter on May 10, 2023.
             Succumbed to Sigmund's poison
             ... on level 4 of the Dungeon.
             The game lasted 00:04:27 (3063 turns).

GigaChad the Shield-Bearer (Formicid Fighter)       Turns: 3063, Time: 00:04:28

HP:   0/46 (48)     AC: 11    Str: 22    XL:     6   Next: 64%
MP:   6/6           EV:  9    Int:  8    God:
Gold: 156           SH:  5    Dex: 13    Spells: 5/5 levels left

rFire   . . .        a - +1 war axe
rCold   . . .        c - +0 buckler
rNeg    . . .        b - +0 scale mail
rPois   .            (helmet unavailable)
rElec   .            k - +0 cloak
rCorr   +            n - +2 pair of gloves
SInv    +            (no boots)
Will    .....        (no amulet) Stlth
                     q - ring of resist corrosion
HPRegen 0.27/turn    (no ring)
MPRegen 0.10/turn

%: no passive effects
@: lethally poisoned (0 -> -11), lightly drained
A: permanent stasis, dig shafts and tunnels, antennae 3, four strong arms
a: Dig, Shaft Self


You were on level 4 of the Dungeon.
You visited 1 branch of the dungeon, and saw 4 of its levels.

You collected 156 gold pieces.

Inventory:

Hand Weapons
 a - a +1 war axe (weapon)
Armour
 b - a +0 scale mail (worn)
 c - a +0 buckler (worn)
 k - a +0 cloak (worn)
 n - a +2 pair of gloves (worn)
Jewellery
 j - a ring of ice
 q - a ring of resist corrosion (left hand)
Scrolls
 f - a scroll of immolation
 g - 2 scrolls of magic mapping
 h - 2 scrolls of amnesia
 m - a scroll of blinking
 p - a scroll of enchant armour {unknown}
Potions
 d - 3 potions of might
 e - 2 potions of magic
 i - a potion of brilliance
 l - 2 potions of mutation {unknown}
 o - a potion of invisibility {unknown}
 r - a potion of ambrosia {unknown}


   Skills:
 * Level 4.2 Fighting
 * Level 4.7 Axes
 * Level 4.5 Armour
 - Level 0.3 Dodging
 - Level 0.1 Stealth
 * Level 4.8 Shields


You had 5 spell levels left.
You didn't know any spells.
Your spell library contained the following spells:

 Spells                   Type           Power      Damage    Failure   Level
 Foxfire                  Conj/Fire      0%         2x1d4     80%         1
 Hailstorm                Conj/Ice       0%         3d3       99%         3
 Summon Lightning Spire   Summ/Air       0%         N/A       100%        4
 Irradiate                Conj/Tmut      0%         3d11      100%        5


Dungeon Overview and Level Annotations

Branches:
Dungeon (4/15)
 Temple: D:4-7

Altars:
Ashenzari
Cheibriados
Yredelemnul

Annotations:
D:4 Sigmund


Innate Abilities, Weirdness & Mutations

You cannot be hasted, slowed, berserked, paralysed or teleported.
You can dig through walls and to a lower floor.
You have a pair of large antennae on your head. (SInv)
Your four strong arms can wield two-handed weapons with a shield.


Message History

You are more poisoned.
You closely miss Sigmund.
You feel very sick. You block Sigmund's attack.
You hit Sigmund but do no damage.
You feel sick.
Sigmund hits you with a +4 scythe of venom!
You are more poisoned.
Unknown command.
You closely miss Sigmund.
You feel very sick.
Sigmund points at you and mumbles some strange words.
The magic dart hits you but does no damage.
Unknown command.
You are too injured to fight recklessly!
Unknown command.
You are too injured to fight recklessly!
Unknown command.
You are too injured to fight recklessly!
Unknown command.
You hit Sigmund.
Sigmund is lightly wounded.
You feel very sick.
Sigmund hits you with a +4 scythe of venom.
* * * LOW HITPOINT WARNING * * *
You are lethally poisoned!
Unknown command.
You hit Sigmund.
Sigmund is moderately wounded.
* * * LOW HITPOINT WARNING * * *
You feel very sick. You block Sigmund's attack.
Unknown command.
You slash Sigmund!
Sigmund is heavily wounded.
* * * LOW HITPOINT WARNING * * *
You feel very sick.
Unknown command.
You hit Sigmund.
Sigmund is severely wounded.
You die...

........######
..#....†....... ..
######.......... ... #
#.....#..#. #..#. #
####.......#..# #..#..
###......#..#..#.
#..#...
.#.....###.#..#..#..#..#
.....#.#
#...#..#..#..#..
.....#.###
#...@@.......#
.........########..#####
....#....#.#####..##
.#..###.......##.##
.#...#........##.#
####.............#
#####.....#....### #.#
#..#..##..##
..####.#....###


You could see Sigmund.

Vanquished Creatures
  2 orc priests (D:3)
  An orc wizard (D:3)
  Natasha (thrice) (D:2)
  Robin (D:2)
  2 adders (D:2)
  2 worms (D:2)
  2 dart slugs
  11 orcs (D:3)
  4 ball pythons
  3 endoplasms
  A giant cockroach (D:4)
  17 goblins
  12 hobgoblins
  5 jackals
  A quokka (D:1)
  3 bats
  6 frilled lizards
  8 kobolds
  8 rats
92 creatures vanquished.

Notes
Turn   | Place    | Note
-------+----------+-------------------------------------------
     0 | D:1      | GigaChad the Formicid Fighter began the quest for the Orb.
     0 | D:1      | Reached XP level 1. HP: 18/18 MP: 1/1
    93 | D:1      | Found a faded altar of an unknown god.
   207 | D:1      | Reached XP level 2. HP: 24/24 MP: 2/2
   584 | D:1      | Reached XP level 3. HP: 29/29 MP: 3/3
  1014 | D:2      | Noticed Natasha
  1021 | D:2      | Killed Natasha
  1022 | D:2      | Reached XP level 4. HP: 37/37 MP: 4/4
  1035 | D:2      | Noticed Natasha
  1047 | D:2      | Killed Natasha
  1144 | D:2      | Reached XP level 5. HP: 34/42 MP: 5/5
  1454 | D:2      | Noticed Robin
  1467 | D:2      | Killed Robin
  1604 | D:2      | Noticed Natasha
  1611 | D:2      | Killed Natasha
  2096 | D:3      | Got Tuweh's Vademecum on the Gathering and the Barrage
  2156 | D:3      | Found a basalt altar of Yredelemnul.
  2364 | D:3      | Reached XP level 6. HP: 48/48 MP: 6/6
  2692 | D:3      | Found a snail-covered altar of Cheibriados.
  2692 | D:3      | Found a broken altar of Ashenzari.
  3054 | D:4      | Noticed Sigmund
  3062 | D:4      | HP: 2/46 [poisoned by Sigmund]
  3063 | D:4      | Succumbed to Sigmund's poison

Illustrated notes

Levels and vault maps discovered:
D:1:      kennysheep_arrival_forest, layout_basic,
          chequers_ecumenical_altar_simple_redux, corexii_leaking_fountain
D:2:      layout_basic, uniq_robin, uniq_natasha
D:3:      layout_basic, chequers_temple_overflow_statue_of_worship,
          mainiacjoe_overflow_paths
D:4:      layout_cave_pools, minmay_misc_feat_diagonals, uniq_sigmund,
          uniq_duvessa, uniq_crazy_yiuf_cottage

Skill      XL: |  1  2  3  4  5 |
---------------+----------------+-----
Armour         | 4 |  4.5
Axes           | 3 4 |  4.7
Fighting       | 4 |  4.2
Dodging        | |  0.3
Stealth        | |  0.1
Shields        | |  4.8

Action                     |  1- 3 |  4- 6 || total
---------------------------+-------+-------++-------
  Melee: War axe           |    55 |   183 ||   238
Ability: Dig               |       |     1 ||     1
    Use: Scroll            |       |     7 ||     7
 Armour: Scale mail        |    26 |    81 ||   107
  Dodge: Dodged            |    16 |    88 ||   104
  Block: Buckler           |    14 |    48 ||    62
